Map: Altitude LE

Players

여자들이날유혹해 - Winner!

  • Race: Protoss Protoss
  • Spawn Location: 1:00

BBLOoD

  • Race: Terran Terran
  • Spawn Location: 7:00

VOD

Have the link to the VOD?

Description

Time

  • Played on: March 21, 2023, 10:55 a.m.
  • Length: 6:57
Show
View Real Time Build Order
Export as new Build Order

여자들이날유혹해 Protoss - Winner!

Build Orders: 1 Gate Expand 

Get SALT Encoding   

  12  0:00  Probe  
  13  0:12  Probe  
  14  0:17  Pylon  
  14  0:24  Probe  
  15  0:37  Probe  
  15  0:40  Gateway  
  16  0:49  Probe  
  17  0:57  Assimilator  
  17  1:01  Probe (Chrono Boost)  
  18  1:13  Probe (Chrono Boost)  
  19  1:20  Probe (Chrono Boost)  
  20  1:27  Cybernetics Core  
  20  1:30  Probe  
  21  1:39  Nexus  
  21  1:44  Probe  
  22  1:50  Pylon  
  22  1:54  Assimilator  
  22  1:57  Probe  
  23  2:04  Warp Gate  
  23  2:08  Stalker  
  23  2:13  Probe (Chrono Boost)  
  26  2:25  Probe (Chrono Boost)  
  26  2:29  Pylon  
  27  2:35  Probe (Chrono Boost)  
  27  2:38  Stalker  
  30  2:50  Forge  
  30  2:52  Probe  
  30  2:53  Probe  
  32  3:05  Probe  
  33  3:08  Stalker  
  33  3:10  Twilight Council  
  35  3:13  Probe  
  35  3:17  Probe  
  37  3:25  Probe, Pylon  
  38  3:28  Protoss Ground Weapons Level 1 (Chrono Boost)  
  38  3:29  Probe  
  39  3:39  Probe  
  40  3:44  Probe  
  40  3:45  Robotics Facility  
  41  3:48  Resonating Glaives (Chrono Boost)  
  41  3:50  Gateway  
  41  4:00  Gateway  
  41  4:06  Gateway  
  41  4:09  Probe x2  
  43  4:16  Pylon  
  43  4:18  Assimilator  
  43  4:21  Probe  
  43  4:23  Probe  
  45  4:27  Adept  
  45  4:30  Warp Prism (Chrono Boost)  
  47  4:33  Probe  
  49  4:42  Probe  
  50  4:51  Pylon  
  50  4:52  Adept x2  
  54  4:59  Observer  
  55  5:01  Adept  
  57  5:08  Stalker  
  57  5:09  Probe x2  
  57  5:12  Assimilator  
  61  5:16  Pylon  
  61  5:20  Dark Shrine  
  61  5:25  Observer  
  62  5:31  Probe x2  
  64  5:45  Adept x4  
  64  5:47  Probe  
  64  5:48  Probe  
  64  6:09  Adept x4  
  64  6:10  Probe x2  
  74  6:16  Pylon  
  70  6:26  Gateway x2  
  70  6:32  Dark Templar x3  
  70  6:45  Adept  
  72  6:51  Nexus  
Show
View Real Time Build Order
Export as new Build Order

BBLOoD Terran 

Build Orders:  

Get SALT Encoding   

  12  0:00  SCV  
  13  0:12  SCV  
  14  0:18  Supply Depot  
  14  0:25  SCV  
  15  0:40  SCV  
  15  0:42  Barracks  
  16  0:52  SCV  
  17  1:04  SCV  
  17  1:05  Refinery  
  18  1:16  SCV  
  19  1:28  SCV  
  21  1:47  Reaper  
  21  1:49  Orbital Command  
  21  2:01  Command Center  
  21  2:09  Supply Depot  
  21  2:10  Refinery  
  21  2:20  Barracks Reactor  
  21  2:24  SCV  
  22  2:35  Barracks  
  22  2:45  SCV  
  23  2:59  Marine x2  
  23  3:00  Factory  
  23  3:02  SCV  
  26  3:19  Bunker  
  26  3:26  Barracks Tech Lab  
  26  3:29  SCV  
  27  3:41  Orbital Command, SCV  
  27  3:45  Marine x2  
  30  3:50  Stimpack  
  30  3:52  Hellion  
  30  3:54  SCV  
  33  4:08  Engineering Bay  
  33  4:11  Supply Depot  
  33  4:13  Hellion  
  35  4:17  Marine  
  35  4:18  Marine x2  
  35  4:23  SCV  
  39  4:25  Starport  
  39  4:31  SCV  
  39  4:34  Supply Depot  
  39  4:35  Marine x2  
  39  4:37  SCV, Refinery  
  43  4:44  Marine  
  44  4:46  SCV  
  44  4:48  Terran Infantry Weapons Level 1  
  44  4:52  Factory Tech Lab  
  45  4:53  Marine  
  45  4:59  Marine  
  47  5:03  Medivac  
  49  5:11  Marine x2  
  51  5:19  Siege Tank  
  54  5:27  SCV  
  54  5:28  SCV  
  56  5:29  Marine  
  56  5:30  Marine x2  
  56  5:31  Supply Depot x2  
  56  5:33  Medivac  
  60  5:40  SCV x2  
  62  5:47  Marine x2  
  62  5:48  Marine  
  59  5:51  Siege Tank  
  59  5:54  Supply Depot  
  43  6:13  Marine x2  
  43  6:14  Marine  
  37  6:31  Marine x3  
Tags
 
Add a new tag
Caveats
  • Supply blocks, unpowered buildings, or Contaminate may cause inaccurate times.
  • Supply counts are checked every 10 seconds.